 Dungeon Crawl Stone Soup version 0.23-a0-586-gacb4b3f (webtiles) character file.

712280 XanderDroid the Axe Maniac (level 27, -7/237 HPs)
             Began as a Minotaur Berserker on Dec 15, 2018.
             Was the Champion of Trog.
             Killed from afar by a shadow dragon (30 damage)
             ... with a bolt of negative energy
             ... on level 3 of the Realm of Zot on Dec 18, 2018.
             The game lasted 05:42:14 (65796 turns).

XanderDroid the Axe Maniac (Minotaur Berserker)    Turns: 65796, Time: 05:42:14

Health: -7/237     AC: 44    Str: 38    XL:     27
Magic:  11/11      EV: 23    Int:  4    God:    Trog [******]
Gold:   2021       SH:  0    Dex: 16    Spells: 26/26 levels left

rFire    + + +     SeeInvis .   a - +9 executioner's axe (antimagic)
rCold    + + +     Gourm    .   (shield currently unavailable)
rNeg     . . .     Faith    .   F - +6 gold dragon scales
rPois    +         Spirit   .   P - +1 hat of the Solstice {Str+3}
rElec    +         Reflect  .   O - +2 cloak {MR+}
rCorr    .         Harm     .   N - +2 pair of gloves {archery}
MR       +++..                  t - +2 pair of boots {Fly}
Stlth    ..........             y - amulet of regeneration
HPRegen  0.89/turn              n - ring "Effeas" {rElec rPois rF+ Dex+2, =R}
MPRegen  0.12/turn              C - ring "Roemeoc" {rF+ rC+ Str+4}

@: studying Dodging, heavily drained
A: retaliatory headbutt, horns 2, iridescent scales 1, cold resistance 1, frail
1, sturdy frame 1
}: 5/15 runes: decaying, slimy, silver, abyssal, gossamer
a: Berserk, Trog's Hand, Brothers in Arms, Renounce Religion, Evoke Flight


You were on level 3 of the Realm of Zot.
You worshipped Trog.
Trog was exalted by your worship.
You were not hungry.

You visited 11 branches of the dungeon, and saw 53 of its levels.
You visited the Abyss 2 times.
You visited 1 bazaar.
You also visited: Trove, Gauntlet, Ice Cave and Wizlab.

You collected 8060 gold pieces.
You spent 6039 gold pieces at shops.

Inventory:

Hand Weapons
 a - a +9 antimagic executioner's axe (weapon)
 b - the +7 lajatang of Order {silver, rMut}
   (You took it off a deep elf elementalist on level 3 of the Elven Halls)

   It protects you from mutation.
Armour
 t - a +2 pair of boots of flying (worn)
 F - +6 gold dragon scales (worn)
 N - a +2 pair of gloves of archery (worn)
 O - a +2 cloak of magic resistance (worn)
 P - the +1 hat of the Solstice (worn) {Str+3}
   (You found it on level 3 of the Elven Halls)

   It affects your strength (+3).
Jewellery
 n - the ring "Effeas" (left hand) {rElec rPois rF+ Dex+2, =R}
   (You took it off a minotaur in a Gauntlet)

   [ring of protection from fire]

   It affects your dexterity (+2).
   It protects you from fire.
   It insulates you from electricity.
   It protects you from poison.
 y - an amulet of regeneration (around neck)
 C - the ring "Roemeoc" (right hand) {rF+ rC+ Str+4}
   (You found it in a treasure trove)

   [ring of protection from cold]

   It affects your strength (+4).
   It protects you from fire.
   It protects you from cold.
 K - an uncursed ring of resist corrosion
Wands
 i - a wand of flame (38)
 r - a wand of digging (23)
 B - a wand of iceblast (122)
 M - a wand of disintegration (41)
Scrolls
 c - a scroll of brand weapon
 j - 10 scrolls of enchant weapon
 k - 16 scrolls of teleportation
 l - 6 scrolls of blinking
 o - 7 scrolls of magic mapping
 p - 4 scrolls of holy word
 q - 28 scrolls of remove curse
 A - 5 scrolls of fog
 G - 3 scrolls of immolation
 H - 16 scrolls of identify
Potions
 g - 7 potions of mutation
 m - 16 potions of haste
 s - 3 potions of resistance
 u - 3 potions of heal wounds
 v - 8 potions of curing
 w - 11 potions of might
 x - 5 potions of cancellation
 E - 10 potions of lignification
 I - 6 potions of ambrosia
 L - 5 potions of invisibility
Books
 J - a manual of Dodging
Miscellaneous
 e - 3 phantom mirrors
Comestibles
 d - 73 rations
 f - 2 chunks of flesh


   Skills:
 + Level 24.4(22.0) Fighting
 O Level 27(24.4) Axes
 * Level 18.3(16.1) Staves
 + Level 24.3(21.9) Armour
 + Level 24.1(21.6) Dodging
 + Level 16.5(14.4) Evocations


You had 26 spell levels left.
You didn't know any spells.
Your spell library was empty.

Dungeon Overview and Level Annotations

Branches:
Dungeon (15/15)            Temple (1/1) D:4            Lair (6/6) D:11
  Swamp (4/4) Lair:2       Spider (4/4) Lair:4        Slime (5/5) Lair:6
    Orc (2/2) D:11            Elf (3/3) Orc:2        Vaults (5/5) D:14
  Crypt (0/3) Vaults:3     Depths (5/5) D:15            Zot (3/5) Depths:5

Altars:
Ashenzari
Cheibriados
Dithmenos
Elyvilon
Fedhas
Gozag
Hepliaklqana
Kikubaaqudgha
Makhleb
Nemelex Xobeh
Okawaru
Qazlal
Ru
Sif Muna
Trog
Uskayaw
Vehumet
Wu Jian
Xom
Yredelemnul
Zin
The Shining One
Jiyva

Shops:
D:4 !   D:5 [   D:6 (   D:9 (   Orc:2 *[:(   Elf:2 (   Elf:3 [   Vaults:2 =
Vaults:3 *   Depths:1 (   Depths:4 ?

Portals:
Hell: Lair:6 Depths:1 Depths:2 Depths:3 Depths:4 Depths:5
Abyss: Depths:4
Pandemonium: Depths:3 Depths:4
Ziggurat: Depths:3


Innate Abilities, Weirdness & Mutations

You reflexively headbutt those who attack you in melee.
You have a pair of horns on your head.
You are partially covered in iridescent scales. (AC +2)
Your flesh is cold resistant. (rC+)
You are frail. (-10% HP)
Your movements are slightly less encumbered by armour. (ER -2)


Message History

You feel drained.
The shadow dragon claws you but does no damage.
The shadow dragon claws you.
* * * LOW HITPOINT WARNING * * *
You slice the shadow dragon like a ripe choko!!!
The shadow dragon is severely wounded.
The shadow dragon bites you but does no damage.
The shadow dragon completely misses you.
The shadow dragon claws you but does no damage.
You slash the shadow dragon!
The shadow dragon is severely wounded.
You slice the shadow dragon!!
The shadow dragon is almost dead.
The shadow dragon breathes negative energy at you.
The bolt of negative energy hits you!
You feel drained.
* * * LOW HITPOINT WARNING * * *
You feel much better.
The shadow dragon breathes negative energy at you.
The bolt of negative energy hits you!
You feel drained.
You die...

**,*,****,,,**,,,,*,,,,,** **
**,*,**,**,,,+,,,,******,,**
**,,,**,,,*,,,*,,,,,,** ***,*
**,,****,,###****,,,,,,***,,****
*,,** ****...#* *,,,,,,,**,*,,*,
**,,* **,,,,*..###*,,,,,,**,**,*,
*,,** *,,*****...##**,,,***,,***,
**,,***,******##DD####******,,**,
*,,,**,***,,,##.@[)).###*,,,,***,
**,,,,,* *,,,+...).)...#,,**+***,
**,,,** *,,,#...).).....#*,,,,*,
***** ****###.......###*,,,,*,
######### ******, *, *, *, **


You could see a shadow dragon and a fire dragon.

Vanquished Creatures
  the Royal Jelly (Slime:5)
  An orb of fire (Zot:2)
  The ghost of Zughiysh the Phalangite, a legendary MfAK of Lugonu (Zot:2)
  3 juggernauts
  2 ancient liches
  Sojobo (Vaults:2)
  Boris (Vaults:2)
  Xtahua (Vaults:2)
  9 golden dragons
  The ghost of MalarOregon the Eclecticist, a veteran MfIE of Sif Muna (Vaults:4)
  A profane servitor (Abyss:5)
  2 bone dragons
  Jory (Vaults:3)
  Arachne (Spider:3)
  Nikola (Swamp:1)
  A hellephant (Abyss:5)
  3 liches
  8 tentacled monstrosities
  Rupert (Lair:4)
  A titan (Vaults:5)
  Asterion (Spider:3)
  2 deep elf blademasters (Elf:3)
  3 deep elf master archers
  6 quicksilver dragons
  26 acid blobs
  An ancient champion (WizLab)
  Agnes (Spider:2)
  4 sphinxes
  2 thorn hunters (Swamp:4)
  7 tentacled starspawn
  4 death cobs
  12 storm dragons
  13 tengu reavers
  17 azure jellies
  10 shadow dragons
  A revenant (Abyss:1)
  6 draconian monks
  2 daevas
  11 frost giants
  7 fire giants
  4 draconian knights
  3 ghost moths
  2 draconian scorchers
  Louise (Swamp:2)
  4 iron dragons
  7 emperor scorpions
  An angel (Abyss:1)
  3 deep elf sorcerers
  A cacodemon (Abyss:3)
  3 draconian shifters
  An orc warlord (Orc:1)
  10 vault wardens
  4 deep elf elementalists (Elf:3)
  4 ghouls
  4 draconian stormcallers
  10 ironheart preservers
  2 draconian annihilators
  21 very ugly things
  7 war gargoyles
  A spriggan defender (Depths:3)
  24 stone giants
  4 black draconians
  3 vampire knights
  2 entropy weavers
  2 lorocyprocas
  8 green draconians
  Azrael (Spider:3)
  5 white draconians (Zot:3)
  Nessos (D:14)
  8 yellow draconians
  11 large abominations
  8 purple draconians
  2 deep elf annihilators
  3 dire elephants
  7 deep elf demonologists
  2 minotaurs
  The ghost of Hulotote the Nimble, a journeyman SpBe of Trog (Depths:4)
  5 red draconians
  5 spark wasps
  15 ettins
  2 green deaths (Swamp:4)
  8 deep elf death magi
  4 blizzard demons
  2 merfolk impalers
  2 eidola
  14 death oozes
  10 fire dragons
  Josephine (D:10)
  11 ogre magi
  5 deep elf high priests
  11 great orbs of eyes
  18 yaktaur captains
  A quicksilver dragon skeleton (Abyss:3)
  13 ice dragons
  25 vault guards
  5 rakshasas
  A catoblepas (Lair:3)
  2 spriggan air magi (Depths:5)
  A hydra (shapeshifter) (Vaults:3)
  Harold (D:13)
  17 hydras
  3 shambling mangroves
  35 two-headed ogres
  Erica (D:13)
  A hell beast (Lair:6)
  An anaconda (shapeshifter) (Vaults:5)
  15 centaur warriors
  6 death knights
  An alligator (shapeshifter) (Depths:2)
  10 alligators
  16 deep troll shamans
  A queen ant (D:8)
  9 tengu warriors
  7 death yaks (D:10)
  16 deep troll earth magi
  4 vampire magi
  Urug (D:11)
  25 dancing weapons
  3 orc high priests
  8 thrashing horrors
  4 spriggan berserkers
  19 deep elf knights
  3 titan skeletons (Depths:2)
  28 skeletal warriors
  A fire crab (shapeshifter) (Depths:2)
  Nergalle (Lair:4)
  A shadow wraith (Abyss:5)
  6 sixfirhies
  7 hell knights
  4 wretched stars
  3 sun demons
  11 iron trolls
  A salamander mystic (Depths:3)
  2 storm dragon skeletons (Depths:2)
  A sea snake (shapeshifter) (Vaults:5)
  A spatial maelstrom (Abyss:2)
  A fire crab (Gauntlet)
  5 flayed ghosts
  46 deep trolls
  An unseen horror (Vaults:1)
  2 unseen horrors (shapeshifter)
  6 glowing orange brains
  2 spriggan druids
  A gelid demonspawn (Depths:3)
  9 swamp dragons
  8 wizards
  An orange crystal statue (Depths:1)
  4 phantasmal warriors
  18 deep elf archers
  14 ironbrand convokers
  A harpy (shapeshifter) (Depths:2)
  A golden dragon skeleton (Depths:2)
  16 harpies
  37 wolf spiders
  3 necromancers
  15 orc knights
  7 orc sorcerers
  51 ugly things
  8 shining eyes
  A wolf spider (shapeshifter) (Vaults:5)
  20 orb spiders
  5 cyclopes
  3 salamanders (Depths:3)
  3 tengu skeletons (Depths:2)
  2 oklob plants (Lair:2)
  A salamander (shapeshifter) (Vaults:4)
  75 deep elf magi
  A shadow dragon skeleton (Depths:2)
  3 worldbinders
  A sphinx skeleton (Depths:2)
  A cyclops (shapeshifter) (Vaults:2)
  An iron dragon skeleton (Depths:2)
  4 manticores
  8 moths of wrath
  2 black mambas (shapeshifter)
  A stone giant skeleton (Depths:2)
  5 black mambas
  Maurice (D:13)
  A rust devil (Depths:3)
  12 elephants
  3 fire giant skeletons (Depths:2)
  A frost giant skeleton (Depths:2)
  2 ice statues
  15 vault sentinels
  A guardian serpent (Abyss:3)
  2 eyes of devastation
  7 orange demons
  12 smoke demons
  An elf skeleton (Depths:2)
  A torpor snail (Spider:2)
  A spiny frog (shapeshifter) (D:15)
  4 centaur skeletons
  15 spiny frogs
  2 rime drakes (shapeshifter)
  A kobold demonologist (Abyss:1)
  9 komodo dragons
  2 efreet
  A golden dragon simulacrum (IceCv)
  14 freezing wraiths
  59 yaktaurs
  4 ancient zymes
  12 demonic crawlers
  3 komodo dragons (shapeshifter)
  5 rime drakes
  A hellwing (Abyss:1)
  4 anaconda simulacra (IceCv)
  A redback zombie (Spider:3)
  A queen bee (Gauntlet)
  6 ice devils (IceCv)
  A guardian mummy (D:13)
  9 trolls
  4 red devils (Lair:6)
  6 tengu conjurers
  12 hornets
  32 jumping spiders
  A hornet (shapeshifter) (Vaults:4)
  13 bog bodies
  3 meliai (D:12)
  9 tyrant leeches
  A blink frog (shapeshifter) (Depths:1)
  40 blink frogs
  A wind drake (shapeshifter) (Depths:1)
  13 raiju
  A raiju (shapeshifter) (D:15)
  165 slime creatures
  6 dream sheep (Lair:6)
  21 hippogriffs
  A meliai zombie (D:10)
  Sigmund (D:4)
  5 spriggan skeletons (Depths:2)
  10 flying skulls
  6 spriggans
  An air elemental (Elf:2)
  2 dire elephant simulacra (IceCv)
  5 vampires
  4 ynoxinuls
  20 starcursed masses
  17 tarantellas
  6 wraiths
  A yak (shapeshifter) (D:15)
  34 yaks
  10 shadows
  72 redbacks
  A hog (shapeshifter) (D:13)
  5 water elementals
  13 wyverns
  10 fire bats
  22 golden eyes
  A golden eye (shapeshifter) (Abyss:3)
  16 humans (D:13)
  6 fire elementals
  2 neqoxecs (Abyss:3)
  6 chaos spawn
  4 hungry ghosts
  10 basilisks
  13 small abominations
  A death yak simulacrum (IceCv)
  2 iron troll simulacra (IceCv)
  A swamp worm (shapeshifter) (Depths:3)
  15 vampire mosquitoes
  3 harpy simulacra (IceCv)
  20 soldier ants (D:8)
  16 insubstantial wisps
  5 two-headed ogre zombies (WizLab)
  4 wargs
  20 swamp worms
  3 acid dragons
  A spatial vortex (Abyss:5)
  A soldier ant (shapeshifter) (Depths:1)
  15 hell hounds
  8 water moccasins
  8 porcupines
  7 hydra simulacra (IceCv)
  35 orc warriors
  A floating eye (Slime:5)
  5 swamp drakes
  7 sky beasts
  9 eyes of draining
  A black mamba simulacrum (Abyss:3)
  6 ice beasts
  A phantom (D:7)
  A black bear (shapeshifter) (Vaults:5)
  A black bear (D:10)
  An ice beast (shapeshifter) (D:15)
  36 ogres
  5 wolves (Lair:2)
  6 boggarts
  29 centaurs
  A wolf (shapeshifter) (Depths:3)
  8 crocodiles
  A big kobold (D:13)
  A gnoll sergeant (D:8)
  An earth elemental (Elf:1)
  13 bullfrogs
  A wyvern zombie (D:13)
  A water moccasin skeleton (D:7)
  18 jellies
  2 scorpions
  29 killer bees
  A swamp dragon simulacrum (IceCv)
  8 troll zombies (WizLab)
  2 electric eels (Lair:6)
  29 wights
  A howler monkey (D:4)
  2 centaur zombies
  11 crimson imps
  2 draconian simulacra (IceCv)
  8 quasits
  2 iron imps
  3 bullfrog zombies
  7 hounds
  21 orc wizards
  3 bullfrog skeletons
  20 orc priests
  3 iguanas
  29 worker ants
  4 hell rats (Lair:3)
  A polar bear simulacrum (IceCv)
  3 spriggan simulacra (IceCv)
  4 troll simulacra (IceCv)
  A lightning spire (Abyss:3)
  2 centaur simulacra (IceCv)
  3 ogre zombies (WizLab)
  A hound zombie (D:5)
  A hound skeleton (D:6)
  4 worker ant zombies
  10 gnolls
  3 naga simulacra (IceCv)
  9 adders
  2 ogre simulacra (IceCv)
  3 shadow imps
  12 white imps
  6 ufetubi
  2 oozes
  An adder skeleton (D:8)
  An adder zombie (D:9)
  3 worms
  7 leopard geckos
  101 orcs
  4 giant cockroaches
  3 goblins
  2 hobgoblins
  10 jackals
  2 quokkas
  A ball python (D:3)
  3 bats
  3 frilled lizards
  A jackal skeleton (D:9)
  10 kobolds
  2 quokka skeletons
  6 rats
  4 briar patches (Swamp:4)
  4 fungi
  20 plants
  8 starspawn tentacles
2806 creatures vanquished.

Vanquished Creatures (others)
  A dancing weapon (Elf:2)
  2 spriggans (Swamp:4)
  An orb spider (Spider:4)
  A deep elf mage (Vaults:5)
  An orc sorcerer (Vaults:3)
  A spiny frog (Swamp:4)
  A demonic crawler (Spider:4)
  A tengu conjurer (D:15)
  A hornet (Swamp:4)
  A redback (Spider:1)
  A tarantella (Spider:4)
  A swamp drake (Swamp:2)
  A centaur (Vaults:2)
  A wyvern skeleton (D:14)
  An orc priest (Orc:2)
  An orc wizard (Orc:2)
  2 orcs (Orc:2)
  23 fungi
  2 lurking horrors (Abyss:3)
  25 plants (Lair:6)
  11 starspawn tentacles
  5 withered plants
85 creatures vanquished.

Grand Total: 2891 creatures vanquished

Notes
Turn   | Place    | Note
-------+----------+-------------------------------------------
     0 | D:1      | XanderDroid the Minotaur Berserker began the quest for the
                  | Orb.
     0 | D:1      | Reached XP level 1. HP: 19/19 MP: 0/0
   123 | D:1      | Reached XP level 2. HP: 27/27 MP: 1/1
   124 | D:1      | Reached skill level 4 in Axes
   571 | D:2      | Reached XP level 3. HP: 16/33 MP: 2/2
   938 | D:2      | Found an iron altar of Okawaru.
  1128 | D:2      | Reached ** piety under Trog
  1144 | D:2      | Reached XP level 4. HP: 28/40 MP: 3/3
  1914 | D:3      | Reached skill level 5 in Axes
  2290 | D:4      | Noticed an ogre
  2295 | D:4      | Killed an ogre
  2295 | D:4      | Reached XP level 5. HP: 47/47 MP: 4/4
  2328 | D:4      | Found Womel's Distillery.
  2328 | D:4      | Noticed Sigmund
  2337 | D:4      | Killed Sigmund
  2337 | D:4      | Reached skill level 5 in Fighting
  2337 | D:4      | Reached skill level 6 in Axes
  2337 | D:4      | Reached XP level 6. HP: 50/56 MP: 5/5
  2385 | D:4      | Bought a potion of heal wounds for 60 gold pieces
  2385 | D:4      | Bought a potion of curing for 36 gold pieces
  2580 | D:4      | Found a staircase to the Ecumenical Temple.
  2601 | Temple   | Entered the Ecumenical Temple
  2909 | D:4      | Found a shattered altar of Ashenzari.
  3168 | D:4      | Reached *** piety under Trog
  3190 | D:4      | Reached XP level 7. HP: 61/61 MP: 6/6
  3304 | D:4      | Bought a potion of curing for 36 gold pieces
  3319 | D:5      | Entered Level 5 of the Dungeon
  3380 | D:5      | Reached skill level 7 in Axes
  3410 | D:5      | Found an opulent altar of Gozag.
  3483 | D:5      | Reached skill level 5 in Armour
  3554 | D:5      | Found a blossoming altar of Fedhas.
  3564 | D:5      | Found Xasoh's Antique Armour Emporium.
  4068 | D:6      | Found Keihy's Antique Weapon Shop.
  4193 | D:6      | Reached skill level 8 in Axes
  4193 | D:6      | Reached XP level 8. HP: 70/70 MP: 7/7
  4215 | D:6      | Reached skill level 5 in Dodging
  4455 | D:6      | You fall through a shaft for 3 floors!
  4626 | D:9      | Reached skill level 9 in Axes
  4626 | D:9      | Reached **** piety under Trog
  4786 | D:8      | Found a basalt altar of Yredelemnul.
  4816 | D:8      | Reached XP level 9. HP: 79/79 MP: 8/8
  5001 | D:8      | Reached skill level 10 in Axes
  5159 | D:8      | Reached skill level 11 in Axes
  5190 | D:8      | Noticed a queen ant
  5204 | D:8      | Killed a queen ant
  5204 | D:8      | Reached XP level 10. HP: 71/90 MP: 9/9
  5261 | D:8      | Reached ***** piety under Trog
  5408 | D:8      | Reached skill level 12 in Axes
  5631 | D:6      | Received a gift from Trog
  6011 | D:7      | Got a steaming falchion
  6012 | D:7      | Identified the +3 falchion of the Extremely Mad {drain,
                  | MR+++ Dex+5} (You found it on level 7 of the Dungeon)
  6801 | D:9      | Reached XP level 11. HP: 91/99 MP: 10/10
  6884 | D:9      | Found an opulent altar of Gozag.
  6904 | D:9      | Reached skill level 13 in Axes
  6962 | D:9      | Found Widy's Weapon Shoppe.
  7289 | D:10     | Entered Level 10 of the Dungeon
  7399 | D:10     | Noticed Josephine
  7412 | D:10     | Killed Josephine
  7412 | D:10     | Reached skill level 10 in Fighting
  7616 | D:10     | Reached skill level 10 in Armour
  7911 | D:11     | Noticed Urug
  7937 | D:11     | Killed Urug
  7944 | D:11     | Noticed a death yak
  7945 | D:11     | Noticed a death yak
  7945 | D:11     | Noticed a death yak
  7946 | D:11     | Noticed a death yak
  7946 | D:11     | Noticed a death yak
  7946 | D:11     | Noticed a death yak
  7947 | D:11     | Noticed a death yak
  8109 | D:10     | Killed a death yak
  8109 | D:10     | Reached skill level 14 in Axes
  8169 | D:10     | Killed a death yak
  8171 | D:10     | Killed a death yak
  8244 | D:10     | Killed a death yak
  8290 | D:10     | Killed a death yak
  8290 | D:10     | Reached skill level 10 in Dodging
  8292 | D:10     | Killed a death yak
  8292 | D:10     | Reached XP level 12. HP: 110/110 MP: 11/11
  8330 | D:10     | Killed a death yak
  8402 | D:11     | Found a staircase to the Lair.
  8407 | D:11     | Received a gift from Trog
  8567 | D:11     | Found a staircase to the Orcish Mines.
  8632 | D:11     | Noticed a two-headed ogre
  8645 | D:11     | Killed a two-headed ogre
  8673 | D:11     | Found a runed door.
  8673 | D:11     | Found a runed door.
  8673 | D:11     | Noticed an eight-headed hydra
  9144 | D:11     | Noticed a centaur warrior
  9146 | D:11     | Noticed a seven-headed hydra
  9146 | D:11     | Noticed a two-headed ogre
  9156 | D:11     | Killed a centaur warrior
  9216 | D:10     | Killed a two-headed ogre
  9331 | D:11     | Killed a seven-headed hydra
  9459 | D:11     | Identified the ring "Ocituvu" {rN+ MP+9 Int+2}
  9459 | D:11     | Noticed a centaur warrior
  9464 | D:11     | Killed a centaur warrior
  9465 | D:11     | Identified the ring "Gajuz" {*Slow rC+++ Dex+3 SInv Stlth+}
  9544 | D:11     | Got a crude copper ring
  9547 | D:11     | Got a fine marble ring
  9549 | D:11     | Identified the ring of Arrival {rPois rF- rN+ Str+3} (You
                  | found it on level 11 of the Dungeon)
  9560 | D:11     | Identified the ring "Wukkinag" {+Inv Int+6} (You found it
                  | on level 11 of the Dungeon)
  9691 | Lair:1   | Entered Level 1 of the Lair of Beasts
  9847 | Lair:1   | Reached skill level 15 in Axes
 10112 | Lair:1   | Noticed a five-headed hydra
 10120 | Lair:1   | Killed a five-headed hydra
 10590 | D:11     | Killed an eight-headed hydra
 10650 | D:12     | Noticed a death knight
 10751 | Lair:2   | Reached XP level 13. HP: 119/119 MP: 12/12
 11174 | Lair:2   | Found a staircase to the Swamp.
 11922 | Lair:3   | Received a gift from Trog
 11922 | Lair:3   | Reached skill level 16 in Axes
 12528 | Lair:4   | Noticed Nergalle
 12635 | Lair:4   | Killed Nergalle
 12744 | Lair:4   | Noticed Rupert
 12745 | Lair:4   | Paralysed by Rupert for 4 turns
 12832 | Lair:4   | Found a hole to the Spider Nest.
 13075 | Lair:4   | Paralysed by Rupert for 3 turns
 13093 | Lair:4   | Killed Rupert
 13618 | Lair:5   | Reached skill level 17 in Axes
 13754 | Lair:5   | Received a gift from Trog
 13767 | Lair:5   | Reached XP level 14. HP: 129/129 MP: 7/13
 14432 | Lair:6   | Entered Level 6 of the Lair of Beasts
 14555 | Lair:6   | Got a shimmering long sword
 14559 | Lair:6   | Identified the +6 long sword "Zecohor" {venom, Stlth+} (You
                  | found it on level 6 of the Lair of Beasts)
 15014 | Lair:6   | Found a staircase to the Slime Pits.
 15124 | Lair:6   | Received a gift from Trog
 15139 | Lair:6   | Reached ****** piety under Trog
 15242 | Lair:6   | Reached skill level 18 in Axes
 15683 | Lair:6   | Found a burning altar of Makhleb.
 15953 | Lair:6   | Found a gateway to Hell.
 16459 | D:4      | Bought a potion of invisibility for 96 gold pieces
 16459 | D:4      | Bought a potion of mutation for 96 gold pieces
 16459 | D:4      | Bought 2 potions of mutation for 192 gold pieces
 16459 | D:4      | Bought a potion of haste for 120 gold pieces
 16459 | D:4      | Bought 2 potions of haste for 240 gold pieces
 16459 | D:4      | Bought a potion of resistance for 120 gold pieces
 17488 | Orc:1    | Entered Level 1 of the Orcish Mines
 17499 | Orc:1    | Noticed a stone giant
 17626 | Orc:1    | Killed a stone giant
 17626 | Orc:1    | Received a gift from Trog
 17701 | Orc:2    | Entered Level 2 of the Orcish Mines
 17857 | Orc:1    | Reached XP level 15. HP: 75/139 MP: 7/14
 18474 | Orc:2    | Noticed an orc warlord
 18559 | Orc:1    | Killed an orc warlord
 18559 | Orc:1    | Reached skill level 19 in Axes
 18682 | Orc:2    | Found a staircase to the Elven Halls.
 18894 | Orc:2    | Received a gift from Trog
 19218 | Orc:2    | Found Bier's Antique Armour Shop.
 19226 | Orc:2    | Found Yleyx's General Store.
 19226 | Orc:2    | Found Afoafa's Book Shop.
 19228 | Orc:2    | Found Maeru's Antique Weapon Boutique.
 19235 | Orc:2    | Bought a scroll of magic mapping for 56 gold pieces
 19243 | Orc:2    | Bought a pair of embroidered gloves for 240 gold pieces
 19276 | Orc:2    | Bought a scroll of blinking for 120 gold pieces
 19276 | Orc:2    | Bought a scroll of blinking for 120 gold pieces
 19276 | Orc:2    | Bought a scroll of remove curse for 48 gold pieces
 20033 | D:13     | Reached skill level 15 in Fighting
 20180 | D:13     | Noticed Maurice
 20200 | D:13     | Killed Maurice
 20225 | D:13     | Found a gate leading to a gauntlet.
 20254 | Gauntlet | Entered a Gauntlet
 20254 | Gauntlet | Found a transporter.
 20254 | Gauntlet | Found a transporter.
 20258 | Gauntlet | Found a transporter.
 20260 | Gauntlet | Found a transporter.
 20262 | Gauntlet | Found a transporter.
 20262 | Gauntlet | Found a transporter.
 20273 | Gauntlet | Found a transporter.
 20276 | Gauntlet | Found a transporter.
 20277 | Gauntlet | Found a transporter.
 20277 | Gauntlet | Found a transporter.
 20286 | Gauntlet | Found a transporter.
 20295 | Gauntlet | Found a transporter.
 20412 | Gauntlet | Reached skill level 15 in Armour
 20422 | Gauntlet | Got a pair of fine boots
 20432 | Gauntlet | Identified the +0 pair of boots of Gluttony {Str+2} (You
                  | found it in a Gauntlet)
 20617 | Gauntlet | Identified the ring "Effeas" {rElec rPois rF+ Dex+2}
 20714 | D:13     | Noticed Erica
 20716 | D:13     | Noticed Harold
 20727 | D:13     | Received a gift from Trog
 20730 | D:13     | Killed Erica
 20921 | D:13     | Killed Harold
 21346 | D:14     | Found a gate to the Vaults.
 21346 | D:14     | Noticed Nessos
 21800 | D:14     | Killed Nessos
 21868 | D:14     | Found a portal to a secret trove of treasure.
 21894 | D:14     | Reached skill level 20 in Axes
 21908 | D:14     | Reached XP level 16. HP: 96/149 MP: 1/15
 22047 | D:14     | Received a gift from Trog
 22050 | D:14     | Got a slimy executioner's axe {god gift}
 22143 | D:13     | Identified the +6 executioner's axe "Fuqin" {vamp, *Corrode
                  | rPois rN+} (Trog gifted it to you on level 14 of the
                  | Dungeon)
 22620 | D:14     | Got a crystal flail
 22621 | D:14     | Identified the +12 flail of Asaegyst {speed, MR+ SInv} (You
                  | found it on level 14 of the Dungeon)
 22651 | D:15     | Entered Level 15 of the Dungeon
 23589 | D:15     | Found a staircase to the Depths.
 23932 | Swamp:1  | Entered Level 1 of the Swamp
 24371 | Swamp:1  | Reached skill level 1 in Evocations
 24731 | Swamp:2  | Noticed Louise
 24857 | Swamp:2  | Killed Louise
 25270 | Swamp:2  | Noticed Nikola
 25302 | Swamp:1  | Killed Nikola
 25544 | Swamp:3  | Reached skill level 21 in Axes
 25578 | Swamp:3  | Identified a scroll of acquirement
 25668 | Swamp:3  | Reached skill level 15 in Dodging
 26269 | Swamp:3  | Found a glowing golden altar of the Shining One.
 26296 | Swamp:3  | Received a gift from Trog
 26775 | Swamp:4  | Entered Level 4 of the Swamp
 26782 | Swamp:4  | Reached XP level 17. HP: 144/159 MP: 6/18
 28253 | Swamp:4  | Noticed a tentacled monstrosity
 28276 | Swamp:4  | Killed a tentacled monstrosity
 28371 | Swamp:4  | Got a decaying rune of Zot
 29087 | D:4      | Bought a potion of agility for 48 gold pieces
 29353 | Lair:4   | Upgraded the game from 0.23-a0-577-g2b1de94 to
                  | 0.23-a0-582-g1b4a0ca
 29354 | Spider:1 | Entered Level 1 of the Spider Nest
 29561 | Spider:1 | Received a gift from Trog
 29801 | Spider:1 | Reached skill level 5 in Evocations
 29873 | Spider:1 | Reached skill level 22 in Axes
 30327 | Spider:2 | Noticed Agnes
 30334 | Spider:2 | Killed Agnes
 30411 | Spider:2 | Got a slimy spear
 30419 | Spider:2 | Identified the +1 spear of Rasaurph {vamp, +Rage} (You
                  | found it on level 2 of the Spider Nest)
 30561 | Spider:2 | Received a gift from Trog
 31193 | Spider:3 | Noticed Arachne
 31203 | Spider:3 | Noticed Azrael
 31207 | Spider:3 | Killed Arachne
 31207 | Spider:3 | Reached XP level 18. HP: 169/169 MP: 7/21
 31220 | Spider:3 | Killed Azrael
 31439 | Spider:3 | Found a frozen archway.
 31458 | IceCv    | Entered an ice cave
 31943 | IceCv    | Received a gift from Trog
 32201 | IceCv    | Identified the Reference Book on the Twisted Glacier
 32539 | Spider:3 | Got a bound wooden ring
 32554 | Spider:3 | Identified the ring of Undoing {rC+ EV+2 Str+4 Int+5} (You
                  | found it on level 3 of the Spider Nest)
 32559 | Spider:3 | Noticed Asterion
 32574 | Spider:3 | Killed Asterion
 32841 | Spider:4 | Entered Level 4 of the Spider Nest
 33098 | Spider:4 | Received a gift from Trog
 34430 | Spider:4 | Received a gift from Trog
 34439 | Spider:4 | Got a shimmering battleaxe {god gift}
 34450 | Spider:4 | Identified the +9 battleaxe of Trog's Whim {drain, +Fly rC+
                  | Str+3} (Trog gifted it to you on level 4 of the Spider
                  | Nest)
 34647 | Spider:4 | Reached skill level 23 in Axes
 34950 | Spider:4 | Got a gossamer rune of Zot
 35289 | Vaults:1 | Entered Level 1 of the Vaults
 36227 | Vaults:1 | Reached XP level 19. HP: 178/179 MP: 7/23
 36699 | Vaults:2 | Received a gift from Trog
 37101 | Vaults:2 | Found Kys Vuud's Jewellery Boutique.
 37130 | Vaults:2 | Bought an uncursed ring of resist corrosion for 300 gold
                  | pieces
 37477 | Vaults:2 | Received a gift from Trog
 37513 | Vaults:2 | Noticed Boris
 37523 | Vaults:2 | Killed Boris
 37608 | Vaults:2 | Noticed Sojobo
 37636 | Vaults:2 | Killed Sojobo
 37854 | Vaults:2 | Reached skill level 24 in Axes
 38307 | Vaults:2 | Noticed Xtahua
 38315 | Vaults:2 | Killed Xtahua
 38470 | Vaults:3 | Found Nexziss's Assorted Antiques.
 38474 | Vaults:3 | Bought a square cameo amulet for 220 gold pieces
 38474 | Vaults:3 | Bought a potion of mutation for 352 gold pieces
 38579 | Vaults:3 | Received a gift from Trog
 38589 | Vaults:3 | Reached XP level 20. HP: 63/189 MP: 8/25
 38614 | Vaults:3 | Found a staircase to the Crypt.
 38817 | Vaults:3 | Found a magical portal.
 38859 | WizLab   | Entered Zonguldrok's Shrine
 39286 | WizLab   | Noticed an antique lich
 39292 | WizLab   | Killed an antique lich
 39300 | WizLab   | Found the +9 sword of Zonguldrok {reap}
 39578 | Vaults:3 | Received a gift from Trog
 39912 | Vaults:3 | Noticed Jory
 39932 | Vaults:3 | Killed Jory
 40666 | Vaults:3 | Received a gift from Trog
 40670 | Vaults:3 | Got a scorched battleaxe {god gift}
 40684 | Vaults:3 | Identified the +4 battleaxe of Misery {flame, rPois rC+ MR+
                  | Int-4} (Trog gifted it to you on level 3 of the Vaults)
 40948 | Vaults:3 | Bought a scroll of identify for 88 gold pieces
 40948 | Vaults:3 | Bought a scroll of remove curse for 132 gold pieces
 41019 | Vaults:4 | Found a flickering gateway to a bazaar.
 41197 | Bazaar   | Entered a bazaar
 41197 | Bazaar   | Found Ciczeu's General Store.
 41197 | Bazaar   | Found Gewiopom's Antique Armour Emporium.
 41214 | Bazaar   | Bought a pair of runed gloves for 135 gold pieces
 41247 | Bazaar   | Found Atifoaw's Antique Weapon Boutique.
 41258 | Bazaar   | Found Paemeaba's Distillery.
 41267 | Bazaar   | Bought a potion of cancellation for 88 gold pieces
 41267 | Bazaar   | Bought a potion of curing for 33 gold pieces
 41267 | Bazaar   | Bought a potion of curing for 33 gold pieces
 41267 | Bazaar   | Bought a potion of curing for 33 gold pieces
 41267 | Bazaar   | Bought a potion of heal wounds for 55 gold pieces
 41267 | Bazaar   | Bought a potion of might for 44 gold pieces
 41276 | Bazaar   | Found Woklaroe's Gadget Boutique.
 41284 | Bazaar   | Bought a wand of iceblast (2) for 66 gold pieces
 41806 | Vaults:4 | Reached skill level 25 in Axes
 41878 | Vaults:4 | Found the +0 sword of Power
 42179 | Vaults:4 | Found a runed gate.
 42179 | Vaults:4 | Found a runed gate.
 42179 | Vaults:4 | Found a runed gate.
 42181 | Vaults:4 | Noticed MalarOregon's ghost (veteran MfIE)
 42188 | Vaults:4 | Found an iron altar of Okawaru.
 42288 | Vaults:4 | Received a gift from Trog
 42471 | Vaults:4 | Reached skill level 10 in Evocations
 42474 | Vaults:4 | Reached XP level 21. HP: 161/198 MP: 27/27
 42536 | Vaults:4 | Killed MalarOregon's ghost
 42940 | Elf:1    | Entered Level 1 of the Elven Halls
 43482 | Elf:1    | Received a gift from Trog
 44048 | Elf:2    | Found Redgho Oxzi's Weapon Boutique.
 44311 | Elf:2    | Found a huge runed gate.
 44311 | Elf:2    | Found a huge runed gate.
 44313 | Elf:2    | Found a huge runed gate.
 44641 | Elf:2    | Received a gift from Trog
 44833 | Elf:3    | Entered Level 3 of the Elven Halls
 45323 | Elf:3    | Received a gift from Trog
 45356 | Elf:3    | Identified the cursed +1 ring mail of Epleamo {rElec rPois
                  | Str-2 Dex+5}
 45409 | Elf:3    | Reached skill level 26 in Axes
 45640 | Elf:3    | Found Yfups's Antique Armour Shop.
 45648 | Elf:3    | Bought a warped plate armour for 840 gold pieces
 45648 | Elf:3    | Bought a glowing cloak for 225 gold pieces
 45678 | Elf:3    | Identified the +3 plate armour of the Twenty Ghosts {Dex+3}
                  | (You bought it in a shop on level 3 of the Elven Halls)
 45717 | Elf:3    | Reached XP level 22. HP: 209/209 MP: 29/29
 45718 | Elf:3    | Identified the ring of Elae {rPois Int+4}
 45870 | Elf:3    | Got a bloodstained hat
 45914 | Elf:3    | Got a faintly glowing pewter ring
 45936 | Elf:3    | Identified the ring of Tuetuff {rF+ MP+9 Dex-3 Stlth-} (You
                  | found it on level 3 of the Elven Halls)
 45943 | Elf:3    | Identified the +1 hat of the Solstice {Str+3} (You found it
                  | on level 3 of the Elven Halls)
 45979 | Elf:3    | Identified the Handbook of the Flamy Birds
 46315 | D:14     | You paid a toll of 9 potions of agility to enter a treasure
                  | trove
 46316 | Trove    | Entered a treasure trove
 46409 | Trove    | Got a glittering marble ring
 46411 | Trove    | Got a flickering platinum amulet
 46422 | Trove    | Reached XP level 23. HP: 215/215 MP: 30/30
 46431 | Trove    | Got a dazzling battleaxe
 46433 | Trove    | Got a steaming trident
 46435 | Trove    | Identified the +2 battleaxe of the Final Chapter {venom,
                  | rF++ rC+++ Int-4 Dex-4} (You found it in a treasure trove)
 46436 | Trove    | Identified the +3 trident of Brutal Revenge {drain, rF+ rN+
                  | Stlth+} (You found it in a treasure trove)
 46447 | Trove    | Identified the ring "Roemeoc" {rF+ rC+ Str+4} (You found it
                  | in a treasure trove)
 46452 | Trove    | Identified the amulet "Ykur" {RegenMP rElec rPois Dex+3}
                  | (You found it in a treasure trove)
 46601 | Depths:1 | Entered Level 1 of the Depths
 46845 | Depths:1 | Found a shimmering altar of Xom.
 46937 | Depths:1 | Received a gift from Trog
 46949 | Depths:1 | Found Ikyxawk's Weapon Emporium.
 47393 | Depths:1 | Found a runed door.
 47664 | Depths:1 | Found a runed door.
 48038 | Depths:1 | Upgraded the game from 0.23-a0-582-g1b4a0ca to
                  | 0.23-a0-584-g44dd78f
 48050 | Depths:2 | Received a gift from Trog
 48446 | Depths:2 | Received a gift from Trog
 48570 | Depths:2 | Got warped pearl dragon scales
 48589 | Depths:2 | Identified the cursed +1 pearl dragon scales "Geogh" {rF+
                  | rN+ Str+3} (You found it on level 2 of the Depths)
 48611 | Depths:2 | Received a gift from Trog
 48729 | Depths:2 | You fall through a shaft!
 48729 | Depths:3 | Found a runed gate.
 48729 | Depths:3 | Found a runed gate.
 48729 | Depths:3 | Found a runed gate.
 48729 | Depths:3 | Noticed a juggernaut
 48737 | Depths:3 | Killed a juggernaut
 48737 | Depths:3 | Reached skill level 27 in Axes
 48754 | Depths:3 | Found a runed gate.
 48754 | Depths:3 | Found a runed gate.
 48754 | Depths:3 | Found a runed gate.
 48769 | Depths:3 | Noticed a juggernaut
 48887 | Depths:3 | Reached XP level 24. HP: 226/226 MP: 31/31
 49067 | Depths:3 | Received a gift from Trog
 49858 | Depths:3 | Found a one-way gate leading to the halls of Pandemonium.
 49947 | Depths:3 | Found a gateway to a ziggurat.
 49947 | Depths:3 | Noticed an ancient lich
 49960 | Depths:3 | Killed an ancient lich
 50177 | Depths:3 | Killed a juggernaut
 50236 | Depths:3 | Received a gift from Trog
 50454 | Depths:4 | Found an iron altar of Okawaru.
 50635 | Depths:4 | Found a one-way gate to the infinite horrors of the Abyss.
 50715 | Depths:4 | Found Durutet's Magic Scroll Boutique.
 50792 | Depths:4 | Found a runed door.
 50798 | Depths:4 | Noticed Hulotote's ghost (journeyman SpBe)
 50887 | Depths:4 | Received a gift from Trog
 50919 | Depths:4 | Bought a scroll of teleportation for 39 gold pieces
 50919 | Depths:4 | Bought a scroll of teleportation for 39 gold pieces
 50919 | Depths:4 | Bought a scroll of blinking for 97 gold pieces
 50919 | Depths:4 | Bought a scroll of enchant weapon for 97 gold pieces
 50919 | Depths:4 | Bought a scroll of acquirement for 676 gold pieces
 50923 | Depths:4 | Got a warped marble ring
 50925 | Depths:4 | Identified the ring "Urerahu" {AC+5 Str+4 Int+5} (You
                  | acquired it on level 4 of the Depths)
 51059 | Depths:4 | Killed Hulotote's ghost
 51323 | Depths:4 | Got a translucent wooden ring
 51379 | Depths:4 | Identified the ring of the Real Monster {+Inv MR+ Str-4
                  | Dex+7} (You found it on level 4 of the Depths)
 51447 | Depths:4 | Bought a scroll of remove curse for 39 gold pieces
 51447 | Depths:4 | Bought a scroll of identify for 26 gold pieces
 51447 | Depths:4 | Bought a scroll of identify for 26 gold pieces
 51447 | Depths:4 | Bought a scroll of identify for 26 gold pieces
 51447 | Depths:4 | Bought a scroll of identify for 26 gold pieces
 51470 | Depths:5 | Entered Level 5 of the Depths
 51788 | Depths:5 | Noticed a juggernaut
 51799 | Depths:5 | Killed a juggernaut
 52038 | Depths:5 | Reached skill level 1 in Staves
 52107 | Depths:5 | Reached XP level 25. HP: 192/238 MP: 21/32
 52909 | Depths:5 | Found a gate to the Realm of Zot.
 52919 | Depths:5 | Received a gift from Trog
 52924 | Depths:5 | Reached skill level 5 in Staves
 53502 | D:5      | Bought a shiny plate armour for 676 gold pieces
 53814 | Vaults:5 | Entered Level 5 of the Vaults
 54636 | Vaults:4 | Received a gift from Trog
 54746 | Vaults:5 | Cast into level 5 of the Abyss (a lich)
 54746 | Abyss:5  | Entered Level 5 of the Abyss
 54942 | Abyss:5  | Paralysed by accursed screaming for 2 turns
 54947 | Abyss:5  | Paralysed by accursed screaming for 2 turns
 54978 | Abyss:5  | Found a corrupted altar of Lugonu.
 55000 | Vaults:5 | Escaped the Abyss
 55181 | Vaults:5 | Identified the +5 mace of Vugereur {drain, rN+++ Int+4
                  | Dex-4 SInv}
 55515 | Vaults:5 | Reached skill level 10 in Staves
 55774 | Vaults:5 | Received a gift from Trog
 55935 | Vaults:5 | Reached XP level 26. HP: 230/248 MP: 10/32
 56191 | Vaults:5 | Got a silver rune of Zot
 57469 | Zot:1    | Entered Level 1 of the Realm of Zot
 57546 | Zot:1    | Received a gift from Trog
 58208 | Zot:1    | Reached skill level 15 in Evocations
 58443 | Zot:1    | Upgraded the game from 0.23-a0-584-g44dd78f to
                  | 0.23-a0-586-gacb4b3f
 58552 | Depths:4 | Voluntarily entered the Abyss.
 58552 | Abyss:1  | Found a corrupted altar of Lugonu.
 58880 | Abyss:1  | Found an ancient bone altar of Kikubaaqudgha.
 59835 | Abyss:3  | Received a gift from Trog
 60031 | Abyss:3  | Got an abyssal rune of Zot
 60228 | Abyss:3  | Paralysed by accursed screaming for 1 turns
 60256 | Abyss:4  | Found a corrupted altar of Lugonu.
 60264 | Depths:4 | Escaped the Abyss
 60677 | Slime:1  | Entered Level 1 of the Pits of Slime
 60783 | Slime:1  | Reached XP level 27. HP: 197/259 MP: 8/33
 60878 | Slime:1  | Received a gift from Trog
 61452 | Slime:2  | Reached skill level 15 in Staves
 61601 | Slime:4  | Found a viscous altar of Jiyva.
 61751 | Slime:5  | Entered Level 5 of the Pits of Slime
 61792 | Slime:5  | Received a gift from Trog
 62790 | Slime:5  | Gained mutation: Your magical capacity is low. (-10% MP) [a
                  | shining eye]
 63038 | Slime:5  | Received a gift from Trog
 63121 | Slime:5  | Noticed the Royal Jelly
 63156 | Slime:5  | Killed the Royal Jelly
 63480 | Slime:5  | Gained mutation: You are clumsy. (Dex -2) [a shining eye]
 63555 | Slime:5  | Found the +7 great mace "Undeadhunter" {disrupt, rN+}
 63571 | Slime:5  | Got a sparkling emerald amulet
 63580 | Slime:5  | Identified the amulet of Lixeguod {Inacc *Drain +Fly rF+++
                  | Dex-2} (You found it on level 5 of the Pits of Slime)
 63659 | Slime:5  | Got a slimy rune of Zot
 63884 | D:11     | Lost mutation: Your magical capacity is low. (-10% MP)
                  | [potion of mutation]
 63884 | D:11     | Lost mutation: You are clumsy. (Dex -2) [potion of
                  | mutation]
 63884 | D:11     | Gained mutation: Your flesh is cold resistant. (rC+)
                  | [potion of mutation]
 63884 | D:11     | Gained mutation: Your movements are slightly less
                  | encumbered by armour. (ER -2) [potion of mutation]
 63884 | D:11     | Gained mutation: You are frail. (-10% HP) [potion of
                  | mutation]
 63884 | D:11     | Gained mutation: You are partially covered in iridescent
                  | scales. (AC +2) [potion of mutation]
 64378 | Zot:2    | Noticed an orb of fire
 64392 | Zot:2    | Killed an orb of fire
 64640 | Zot:2    | Found a runed door.
 64650 | Zot:2    | Noticed Zughiysh's ghost (legendary MfAK)
 65189 | Zot:2    | Killed Zughiysh's ghost
 65688 | Zot:3    | Received a gift from Trog
 65795 | Zot:3    | HP: 7/237 [shadow dragon/bolt of negative energy (34)]
 65796 | Zot:3    | Killed from afar by a shadow dragon

Vault maps used:
D:1:      saegor_arrival_simple_a, chequers_arboretum
D:2:      first_ration, okawaru_altar_gauntlet_db
D:4:      cheibrodos_ashenzari_chains, temple_doors_e, serial_shops, shop,
          uniq_sigmund
D:5:      fedhas_altar_1, basic_altar, serial_shops, shop,
          minmay_splitting_lines
D:6:      serial_shops, kennysheep_little_box, hangedman_decor_clover_reticule
D:7:      the_bakery
D:8:      overflow_temple_1_default, minivault_29
D:9:      grunt_gozag_breadcrumbs, serial_shops, shop
D:10:     uniq_josephine
D:11:     minmay_the_grid_triangle_9x9_rhombus_thin, dpeg_lair_monsters,
          uniq_urug
D:13:     gauntlet_entry_generic, serial_undead, serial_undead_a,
          serial_undead_e, serial_undead_b, serial_undead_e,
          minmay_misc_feat_rugged, minmay_misc_feat_nine_boxes, sword_in_stone,
          uniq_maurice
D:14:     david_vaults_3, minmay_misc_feat_roman, enter_trove_5
D:15:     gammafunk_enter_depths_forms, minmay_misc_feat_diagonals
Temple:   dpeg_five_rooms_temple
Lair:1:   minmay_stone_trees_small, grunt_megastairs_3,
          infiniplex_staircase_pool_2
Lair:2:   skrybe_swamp_entry_bodies, lemuel_fruit_fields,
          minmay_lair_oklob_chamber
Lair:3:   st_stairs_9, minivault_23
Lair:4:   dummy_spider_entry, chequers_serial_rivers_micro_c, lemuel_fruit_tree,
          uniq_rupert, uniq_nergalle
Lair:5:   special_room
Lair:6:   evil_forest, minmay_slime_entry_jelly_boxes, serial_bayou_shore_a,
          serial_bayou_shore_b
Swamp:1:  evilmike_swamp_ruin_house_5, infiniplex_staircase_pool
Swamp:2:  nicolae_swamp_trees_clearing, swamp_pool1, uniq_nikola, uniq_louise
Swamp:3:  lemuel_altar_in_water, nicolae_swamp_alligator_family
Swamp:4:  swamp_vile
Spider:2: uniq_agnes
Spider:3: lemuel_spider_zombies, portal_ice_cave_entry_ice_statue_one,
          uniq_arachne, uniq_asterion, uniq_azrael
Spider:4: grunt_spider_rune_circles
Slime:4:  basic_altar
Orc:2:    st_orc_congregation, elves_outpost_lemuel
Elf:1:    elf_arrival_002, hangedman_elf_disciples
Elf:2:    serial_shops, nicolae_shop_trees
Elf:3:    grunt_elf_hall_spiral, serial_shops, shop
Vaults:1: nicolae_vaults_inception_scallops, nicolae_vaults_angled_halls,
          ontoclasm_vaults_spin, grunt_vaults_bifocal,
          nicolae_vaults_three_branches, nicolae_vaults_sealed_display,
          vaults_mumra_minichess, nicolae_vaults_rhombus_7
Vaults:2: v_misc_5, nicolae_vaults_little_ls, dpeg_vaults_monster_box,
          vaults_room_grid, nicolae_vaults_lopsided_apartments,
          vaults_mumra_hexcomb, vaults_dpeg_encased_lava, vaults_dpeg_hooks,
          serial_shops, shop_coins, uniq_boris, uniq_xtahua, uniq_sojobo
Vaults:3: v_alt_pattern_6, nicolae_vaults_circle_grid_a,
          nicolae_vaults_what_the_h, minmay_crypt_entry_simple_plaza, v_rooms_3,
          grunt_vaults_swirl, vaults_room_large_hall, ontoclasm_vaults_gateway,
          v_misc_27, nicolae_vaults_network_periphery, st_more_cells,
          nicolae_vaults_asterisk, ontoclasm_vaults_loading_screen,
          serial_shops, nicolae_shop_crystal, mu_enter_wizlab_4, uniq_jory
Vaults:4: gammafunk_vaults_ghost_fury_of_okawaru, nicolae_vaults_c_with_doors,
          v_rooms_5, v_alt_pattern_1, ontoclasm_vaults_twist,
          nicolae_vaults_little_squares_2, v_misc_18, v_misc_15, v_pattern_1,
          nicolae_vaults_puzzle_piece, vaults_room_door_hall,
          ontoclasm_vaults_ring_large, serial_shops, freezing_bzr
Depths:1: thingy_vault_2, glass_columns_c, serial_shops, shop,
          hangedman_geh_valley, tgw_xom, serial_bayou_shore_b
Depths:2: minmay_skeleton_keep, hell_entry
Depths:3: kennysheep_treasure_stockpile, enter_ziggurat_c,
          grunt_pan_entry_spiral, pf_hell_entry_tar_spiral, minmay_misc_feat_x,
          infiniplex_staircase_star
Depths:4: kennysheep_six_static_rooms, serial_column_ruins,
          column_ruins_temple_circle, column_ruins_open_medium,
          column_ruins_columns_corner, column_ruins_grid_4,
          column_ruins_open_small, serial_shops, shop, minivault_11,
          ebering_ghost_reflecting_pool, hell_entry, pan_entry, abyss_entry,
          lemuel_flamethrower_2, minmay_staircase_windowed_small
Depths:5: grunt_x_marks_the_spot, minmay_misc_feat_ornament,
          grunt_hell_entry_dis_mu, serial_sigils_hangedman_leer
Zot:2:    gammafunk_ghost_grave
Zot:3:    st_large_dragon_hoard_4
Abyss:1:  hangedman_abyss_lost_library
Abyss:4:  guppyfry_abyss_exit_glass_guarded
Abyss:5:  evilmike_abyss_exit_4, grunt_abyss_rune_wretched_hive,
          evilmike_abyss_exit_1
Bazaar:   bazaar_lake
Trove:    trove_garden
IceCv:    ice_cave_caverns_01
WizLab:   wizlab_zonguldrok
Gauntlet: gammafunk_gauntlet_hard_choice

Skill      XL: |  1  2  3  4  5  6  7  8  9 10 11 12 13 14 15 16 17 18 19 20 21 22 23 24 25 26 27 |
---------------+----------------------------------------------------------------------------------+-----
Axes           | 4 5 6 8 9 11 12 14 15 17 18 20 21 22 23 24 25 26 27 | 27.0
Fighting       | 4 5 6 7 8 9 11 12 13 14 15 16 17 18 19 20 22 23 24 | 24.4
Armour         | 3 4 5 6 8 9 11 12 13 14 15 16 17 18 19 20 21 22 23 24 | 24.3
Dodging        | 3 4 6 7 8 10 11 12 13 14 15 16 17 18 19 20 21 22 24 | 24.1
Evocations     | 3 5 7 8 10 11 12 13 14 15 16 | 16.5
Staves         | 2 10 14 18 | 18.3

Action                   |  1- 3 |  4- 6 |  7- 9 | 10-12 | 13-15 | 16-18 | 19-21 | 22-24 | 25-27 || total
-------------------------+-------+-------+-------+-------+-------+-------+-------+-------+-------++-------
Melee: Hand axe          |    64 |   109 |   236 |   255 |       |       |       |       |       ||   664
       Headbutt          |     8 |    23 |    51 |   146 |   191 |   403 |   358 |   274 |   497 ||  1951
       Battleaxe         |       |       |       |   356 |    89 |   104 |     1 |       |       ||   550
       Dire flail        |       |       |       |    28 |       |       |       |       |       ||    28
       Executioner's axe |       |       |       |       |   863 |  1341 |  1191 |   830 |  1456 ||  5681
       Great mace        |       |       |       |       |    27 |       |       |       |       ||    27
       Lajatang          |       |       |       |       |       |       |       |       |   103 ||   103
Throw: Throwing net      |       |       |       |       |       |     1 |       |       |     1 ||     2
Invok: Berserk           |     1 |     1 |     4 |     7 |    10 |     8 |     6 |       |     1 ||    38
       Trog's Hand       |       |       |       |       |     3 |     1 |       |       |       ||     4
       Brothers in Arms  |       |       |       |       |       |       |     1 |       |       ||     1
 Abil: Stop Flying       |       |       |       |       |     1 |       |     1 |       |     1 ||     3
       Evoke Flight      |       |       |       |       |       |     1 |       |       |     1 ||     2
Evoke: Wand              |       |       |       |       |     4 |    26 |       |     1 |       ||    31
  Use: Scroll            |       |     5 |     2 |     9 |    12 |    25 |     6 |    18 |    27 ||   104
       Potion            |       |       |       |       |     1 |     2 |       |     3 |    18 ||    24
 Stab: Distracted        |       |       |       |       |       |     1 |     2 |     1 |     1 ||     5
  Eat: Chunk             |     2 |     7 |     7 |    13 |    34 |    27 |    24 |     8 |    11 ||   133
       Ration            |       |       |     1 |     4 |     4 |     9 |     3 |     4 |    11 ||    36
Armor: Ring mail         |    10 |       |       |       |       |       |       |       |       ||    10
       Chain mail        |    24 |    11 |       |       |       |       |       |       |       ||    35
       Plate armour      |       |    43 |   150 |   451 |   848 |  1053 |   427 |   353 |   115 ||  3440
       Gold dragon scale |       |       |       |       |       |       |       |       |  1124 ||  1124
Dodge: Dodged            |    42 |    33 |   116 |   365 |   980 |  1430 |   906 |   720 |  1683 ||  6275

Table legend:
 A = Non-vault XP
 B = Vault XP
 C = Vault XP percentage of total XP
 D = Non-vault monster count
 E = Vault monster count
 F = Vault count percentage of total count
                 A         B        C        D         E       F
            +---------+---------+-------+---------+---------+-------
      Total |  939324 |  687544 |  42.3 |    1850 |     909 |  32.9
            +---------+---------+-------+---------+---------+-------
        D:1 |      22 |      15 |  40.5 |      15 |       2 |  11.8
        D:2 |      42 |      23 |  35.4 |       6 |       4 |  40.0
        D:3 |      58 |       0 |   0.0 |      19 |       0 |   0.0
        D:4 |     391 |     227 |  36.7 |      19 |       1 |   5.0
        D:5 |     418 |       0 |   0.0 |       8 |       0 |   0.0
        D:6 |    1063 |       0 |   0.0 |      24 |       0 |   0.0
        D:7 |    1203 |     220 |  15.5 |      18 |       1 |   5.3
        D:8 |    1531 |    4689 |  75.4 |      36 |      41 |  53.2
        D:9 |    1675 |       0 |   0.0 |      37 |       0 |   0.0
       D:10 |    1832 |    8499 |  82.3 |      25 |      12 |  32.4
       D:11 |    5204 |    5923 |  53.2 |      24 |      13 |  35.1
       D:12 |    2967 |    3819 |  56.3 |      22 |       3 |  12.0
       D:13 |    5775 |   11740 |  67.0 |      29 |      28 |  49.1
       D:14 |   15458 |    3696 |  19.3 |      46 |       4 |   8.0
       D:15 |    8528 |    3344 |  28.2 |      24 |      12 |  33.3
     Lair:1 |    6544 |       0 |   0.0 |      26 |       0 |   0.0
     Lair:2 |    5601 |    1397 |  20.0 |      27 |       3 |  10.0
     Lair:3 |    6409 |     648 |   9.2 |      30 |       2 |   6.2
     Lair:4 |    2232 |    4371 |  66.2 |      10 |       5 |  33.3
     Lair:5 |    6119 |    5462 |  47.2 |      21 |      23 |  52.3
     Lair:6 |   24510 |   10152 |  29.3 |      60 |      38 |  38.8
    Swamp:1 |    6714 |    3040 |  31.2 |      24 |       1 |   4.0
    Swamp:2 |    7038 |    1734 |  19.8 |      26 |       1 |   3.7
    Swamp:3 |   16067 |    1770 |   9.9 |      48 |       2 |   4.0
    Swamp:4 |   18543 |   21526 |  53.7 |      48 |      28 |  36.8
   Spider:1 |   20372 |       0 |   0.0 |      62 |       0 |   0.0
   Spider:2 |    5753 |    2177 |  27.5 |      19 |       1 |   5.0
   Spider:3 |   14421 |   15255 |  51.4 |      35 |      18 |  34.0
   Spider:4 |   18074 |   18502 |  50.6 |      43 |      35 |  44.9
    Slime:1 |    7691 |       0 |   0.0 |      21 |       0 |   0.0
    Slime:2 |   18905 |       0 |   0.0 |      35 |       0 |   0.0
    Slime:3 |   19061 |       0 |   0.0 |      26 |       0 |   0.0
    Slime:4 |   26901 |       0 |   0.0 |      43 |       0 |   0.0
    Slime:5 |   26150 |   30572 |  53.9 |      41 |      14 |  25.5
      Orc:1 |    5606 |   11407 |  67.0 |      35 |      32 |  47.8
      Orc:2 |    1012 |    6020 |  85.6 |      12 |      44 |  78.6
      Elf:1 |   18746 |    8261 |  30.6 |      29 |      13 |  31.0
      Elf:2 |   16636 |   20515 |  55.2 |      29 |      27 |  48.2
      Elf:3 |   15167 |   32525 |  68.2 |      22 |      21 |  48.8
   Vaults:1 |   13896 |    6913 |  33.2 |      25 |      10 |  28.6
   Vaults:2 |   44826 |   37827 |  45.8 |      76 |      24 |  24.0
   Vaults:3 |   31976 |   34919 |  52.2 |      63 |      44 |  41.1
   Vaults:4 |    7461 |   84058 |  91.8 |      13 |      96 |  88.1
   Vaults:5 |   28399 |   97720 |  77.5 |      42 |      63 |  60.0
   Depths:1 |   36535 |   24903 |  40.5 |      50 |      27 |  35.1
   Depths:2 |   39832 |   29292 |  42.4 |      47 |      48 |  50.5
   Depths:3 |   42164 |   48020 |  53.2 |      54 |      37 |  40.7
   Depths:4 |   37791 |    7158 |  15.9 |      47 |       7 |  13.0
   Depths:5 |   47807 |   21888 |  31.4 |      41 |      16 |  28.1
      Zot:1 |   45887 |       0 |   0.0 |      27 |       0 |   0.0
      Zot:2 |   56893 |    7233 |  11.3 |      25 |       1 |   3.8
      Zot:3 |   51951 |   13878 |  21.1 |      30 |       8 |  21.1
    Abyss:1 |   26486 |    1431 |   5.1 |      60 |       1 |   1.6
    Abyss:2 |    2585 |       0 |   0.0 |       2 |       0 |   0.0
    Abyss:3 |   39482 |    4647 |  10.5 |      74 |       9 |  10.8
    Abyss:5 |   12188 |    8417 |  40.8 |      18 |       7 |  28.0
      IceCv |       0 |   10591 | 100.0 |       0 |      60 | 100.0
     WizLab |   12726 |    5413 |  29.8 |      32 |       5 |  13.5
   Gauntlet |       0 |    5707 | 100.0 |       0 |      17 | 100.0
            +---------+---------+-------+---------+---------+-------
